 Dungeon Crawl Stone Soup version 0.29-a0-483-g69413ace17 (webtiles) character file.

Game seed: 5094890372119720951

80 jlumianski the Skirmisher (level 4, 0/52 HPs)
             Began as a Demonspawn Fighter on May 25, 2022.
             Succumbed to a scorpion's poison
             ... on level 2 of the Dungeon.
             The game lasted 00:07:56 (1856 turns).

jlumianski the Skirmisher (Demonspawn Fighter)      Turns: 1856, Time: 00:07:56

Health: 0/52       AC: 22    Str: 19    XL:     4   Next: 18%
Magic:  3/4        EV:  2    Int:  9    God:
Gold:   191        SH:  4    Dex: 12    Spells: 3/3 levels left

rFire   . . .      SeeInvis .   a - +0 war axe
rCold   . . .      Faith    .   c - +0 buckler
rNeg    . . .      Spirit   +   (body armour currently unavailable)
rPois   +          Reflect  .   (helmet currently unavailable)
rElec   .          Harm     .   (cloak currently unavailable)
rCorr   .          Rampage  .   (gloves currently unavailable)
Will    .....      NoTele   +   (boots currently unavailable)
Stlth   +.........              (no amulet)
HPRegen 0.17/turn               (no ring)
MPRegen 0.18/turn               (no ring)

@: mighty, lethally poisoned (0 -> -5), tree-form
A: stationary, stasis, torment immunity, boosted hp, magic shield, magic
regeneration
a: no special abilities


You were on level 2 of the Dungeon.
You were a tree.
You visited 1 branch of the dungeon, and saw 3 of its levels.

You collected 191 gold pieces.

Inventory:

Hand Weapons
 a - a +0 war axe (weapon)
Missiles
 h - 64 stones
 i - 5 boomerangs (quivered)
Armour
 b - a +0 scale mail (melded)
 c - a +0 buckler (worn)
 g - a +2 pair of gloves of stealth (melded)
Potions
 j - a potion of brilliance {unknown}
 l - a potion of berserk rage {unknown}


   Skills:
 + Level 3.4 Fighting
 + Level 2.9 Axes
 + Level 2.9 Armour
 + Level 0.8 Dodging
 + Level 3.2 Shields


You had 3 spell levels left.
You didn't know any spells.
Your spell library was empty.

Dungeon Overview and Level Annotations

Branches:
Dungeon (3/15)

Altars:


Innate Abilities, Weirdness & Mutations

You are a tree.
Your roots penetrate the ground, keeping you stationary.
You cannot be teleported.
You are immune to unholy pain and torment.
Your maximum health is greatly increased.
Your equipment is partially melded.
When hurt, damage is shared between your health and your magic reserves.
You regenerate magic rapidly.


Message History

You hit the endoplasm.
You feel sick. The scorpion barely misses you. The endoplasm hits you.
The scorpion barely misses you.
You hit the scorpion.
The scorpion is almost dead.
You hit the endoplasm.
You feel sick.
The endoplasm hits you but does no damage.
The scorpion closely misses you.
You hit the scorpion but do no damage.
The scorpion is almost dead.
You hit the endoplasm.
You kill the endoplasm!
You feel sick.
You are no longer poisoned.
The scorpion stings you.
* * * LOW HITPOINT WARNING * * *
You are lethally poisoned!
The scorpion poisons you! You block the scorpion's attack.
You hit the scorpion but do no damage.
The scorpion is almost dead.
* * * LOW HITPOINT WARNING * * *
You feel very sick.
The scorpion stings you but does no damage.
The scorpion stings you.
* * * LOW HITPOINT WARNING * * *
It was a potion of flight.
You feel very buoyant.
You fly up into the air.
* * * LOW HITPOINT WARNING * * *
You feel sick.
The scorpion stings you but does no damage.
Really quaff the potion of lignification?
You turn into a tree.
Your +2 pair of gloves of stealth melds into your body.
Your +0 scale mail melds into your body.
You feel less stealthy.
Your roots penetrate the ground.
* * * LOW HITPOINT WARNING * * *
You feel sick.
The scorpion stings you but does no damage.
You feel very mighty all of a sudden.
You die...

.....#......#.#<.........#
.....#......#.############
.....#...........#
.................#
.#######.........# .##
########### ..#
#.################
................♣#
#..######.######s# ##.#
##)######.# .#.#
#......##.# .###
#......##.# .#≈###
#......##.# .#≈#.#
#......##.# .#≈#.#
#......##.# ..≈..#
#......##.#


You could see a scorpion.

Vanquished Creatures
  A gnoll (D:2)
  An adder (D:2)
  2 worms (D:2)
  5 ball pythons
  6 bats
  9 endoplasms
  3 giant cockroaches (D:1)
  2 goblins
  4 hobgoblins
  3 jackals (D:1)
  5 kobolds
  2 quokkas (D:1)
  4 frilled lizards
  3 rats (D:1)
50 creatures vanquished.

Vanquished Creatures (others)
  2 plants (D:1)
2 creatures vanquished.

Grand Total: 52 creatures vanquished

Notes
Turn   | Place    | Note
-------+----------+-------------------------------------------
     0 | D:1      | jlumianski the Demonspawn Fighter began the quest for the
                  | Orb.
     0 | D:1      | Reached XP level 1. HP: 18/18 MP: 1/1
   127 | D:1      | Gained mutation: You regenerate magic rapidly. [demonic
                  | ancestry]
   127 | D:1      | Reached XP level 2. HP: 21/24 MP: 2/2
   550 | D:1      | Gained mutation: When hurt, damage is shared between your
                  | health and your magic reserves. [demonic ancestry]
   550 | D:1      | Reached XP level 3. HP: 29/29 MP: 3/3
  1351 | D:2      | Reached XP level 4. HP: 32/35 MP: 4/4
  1550 | D:2      | Found a faded altar of an unknown god.
  1843 | D:3      | Noticed a scorpion
  1855 | D:2      | HP: 2/52 [poisoned by a scorpion]
  1856 | D:2      | Succumbed to a scorpion's poison

Illustrated notes

Levels and vault maps discovered:
D:1:      dpeg_arrival_windows_large_door, layout_rooms, serial_forest,
          infiniplex_forest_clump_medium, infiniplex_forest_clump_medium,
          infiniplex_forest_lined_corner, infiniplex_forest_clump_double,
          infiniplex_forest_fountain, infiniplex_forest_side_room,
          minmay_distorted
D:2:      layout_basic, hellmonk_ecumenical_altar_pennies_from_heaven,
          chequers_serial_rivers_micro_a, minmay_tetromino_t2
D:3:      layout_rooms, serial_shops, nicolae_lakefront_shop, uniq_ijyb,
          uniq_jessica

Skill      XL: |  1  2 |
---------------+-------+-----
Shields        | 3 |  3.2
Axes           | 2 |  2.9
Fighting       | |  3.4
Armour         | |  2.9
Dodging        | |  0.8

Action                   |  1- 3 |  4- 6 || total
-------------------------+-------+-------++-------
Melee: War axe           |   141 |    17 ||   158
  Use: Potion            |       |     4 ||     4
       Scroll            |       |     2 ||     2
Armor: Scale mail        |    87 |     8 ||    95
       Skin              |       |     1 ||     1
Dodge: Dodged            |    76 |     9 ||    85
Block: Buckler           |    42 |     3 ||    45

Table legend: (Time is in decaauts)
 A = Elapsed time spent in this place.
 B = Non-inter-level travel time spent in this place.
 C = Inter-level travel time spent in this place.
 D = Time resting spent in this place.
 E = Time spent auto-exploring this place.
 F = Levels seen in this place.
 G = Mean time per level.
                   A        B        C        D        E       F      G
               +--------+--------+--------+--------+--------+-----+--------+
         Total |   1926 |   1926 |      0 |     27 |    948 |   3 |  642.0 |
       Dungeon |   1926 |   1926 |      0 |     27 |    948 |   3 |  642.0 |
               +--------+--------+--------+--------+--------+-----+--------+

Top non-repeatable levels by time:
     D:1: 994 daAuts
     D:2: 925 daAuts
     D:3: 6 daAuts
